 Dungeon Crawl Stone Soup version 0.29-a0-857-g9b1aa3ac5b (webtiles) character file.

Game seed: 1713131716850354417

237 jimonade the Magician (level 5, -6/41 HPs)
             Began as a Demonspawn Hedge Wizard on July 17, 2022.
             Mangled by an iguana (12 damage)
             ... on level 3 of the Dungeon.
             The game lasted 00:09:11 (5693 turns).

jimonade the Magician (Demonspawn Hedge Wizard)     Turns: 5693, Time: 00:09:12

Health: -6/41      AC:  7    Str: 13    XL:     5   Next: 77%
Magic:  11/11      EV: 12    Int: 15    God:
Gold:   87         SH:  0    Dex: 12    Spells: 11/12 levels left

rFire   . . .      SeeInvis .   b - +3 sling
rCold   . . .      Faith    .   (no shield)
rNeg    . . .      Spirit   .   y - +0 robe
rPois   .          Reflect  .   c - +0 hat
rElec   .          Harm     .   f - +0 cloak
rCorr   .          Rampage  .   (no gloves)
Will    +....                   A - +2 pair of boots
Stlth   ++........              (no amulet)
HPRegen 0.13/turn               h - ring of willpower
MPRegen 0.12/turn               (no ring)

@: no status effects
A: rugged brown scales 1, demonic guardian 1
a: no special abilities


You were on level 3 of the Dungeon.
You visited 1 branch of the dungeon, and saw 4 of its levels.

You collected 87 gold pieces.

Inventory:

Hand Weapons
 a - a +1 dagger of venom
 b - a +3 sling (weapon)
 p - a +0 dagger
Missiles
 o - a throwing net
Armour
 c - a +0 hat (worn)
 f - a +0 cloak (worn)
 g - a +0 buckler
 s - a +0 leather armour
 y - a +0 robe (worn)
 A - a +2 pair of boots (worn)
Magical Staves
 u - a staff of poison
Jewellery
 h - a ring of willpower (left hand)
 l - a ring of fire
Wands
 x - a wand of roots (8)
Scrolls
 i - a scroll of fear {unknown}
 j - 2 scrolls of summoning {unknown}
 m - a scroll of amnesia {unknown}
 n - 6 scrolls of identify {unknown}
 q - 6 scrolls of teleportation {unknown}
 r - a scroll of fog {unknown}
 v - a scroll of blinking {unknown}
 w - a scroll of vulnerability {unknown}
 z - a scroll of immolation {unknown}
Potions
 d - a potion of magic
 e - a potion of brilliance {unknown}
 k - a potion of haste {unknown}
 t - a potion of might {unknown}


   Skills:
 * Level 2.8 Fighting
 + Level 1.8 Ranged Weapons
 + Level 2.5 Dodging
 - Level 1.7 Stealth
 + Level 4.0 Spellcasting
 + Level 2.3 Conjurations
 + Level 1.0 Summonings
 + Level 0.8 Translocations


You had 11 spell levels left.
You knew the following spells:

 Your Spells              Type           Power      Damage    Failure   Level
a - Magic Dart            Conj           40%        1d5       7%          1

Your spell library contained the following spells:

 Spells                   Type           Power      Damage    Failure   Level
 Beastly Appendage        Tmut           6%         N/A       19%         1
 Slow                     Hex            12%        N/A       19%         1
 Blink                    Tloc           10%        N/A       19%         2
 Call Imp                 Summ           6%         N/A       19%         2
 Sublimation of Blood     Necr           3%         N/A       26%         2
 Wereblood                Tmut           3%         N/A       26%         2
 Conjure Flame            Conj/Fire      6%         6-21      32%         3
 Mephitic Cloud           Conj/Pois/Air  5%         N/A       36%         3
 Spider Form              Tmut/Pois      3%         N/A       47%         3
 Summon Lightning Spire   Summ/Air       4%         N/A       82%         4
 Storm Form               Tmut/Air       1%         N/A       100%        7
 Summon Hydra             Summ           3%         N/A       100%        7
 Maxwell's Capacitive Co  Air            1%         ∞         100%        8


Dungeon Overview and Level Annotations

Branches:
Dungeon (4/15)
 Temple: D:4-7

Altars:

Shops:
D:1 :

Annotations:
D:3 exclusion: downstairs
D:4 Menkaure


Innate Abilities, Weirdness & Mutations

You are partially covered in rugged brown scales. (AC +1, +3% HP)
A weak demonic guardian rushes to your aid.


Message History

The sling bullet closely misses the iguana.
The iguana bites you.
* * * LOW HITPOINT WARNING * * *
Fire: b) +3 sling
Press: ? - help, Q - select action, (/) - cycle Shift-Dir - straight line, f/p - iguana
Aim: an iguana (63% to hit)
You shoot a sling bullet.
The sling bullet barely misses the iguana.
The iguana closely misses you.
The iguana bites you but does no damage.
Fire: b) +3 sling
Press: ? - help, Q - select action, (/) - cycle Shift-Dir - straight line, f/p - iguana
Aim: an iguana (63% to hit)
You shoot a sling bullet. The sling bullet hits the iguana.
The iguana is lightly wounded.
The iguana barely misses you.
Fire: b) +3 sling
Press: ? - help, Q - select action, (/) - cycle Shift-Dir - straight line, f/p - iguana
Aim: an iguana (lightly wounded, 63% to hit)
You shoot a sling bullet.
The sling bullet barely misses the iguana.
The iguana completely misses you.
Fire: b) +3 sling
Press: ? - help, Q - select action, (/) - cycle Shift-Dir - straight line, f/p - iguana
Aim: an iguana (lightly wounded, 63% to hit)
You shoot a sling bullet.
The sling bullet hits the iguana but does no damage.
The iguana is lightly wounded.
The iguana bites you.
* * * LOW HITPOINT WARNING * * *
A demonic guardian appears!
Fire: b) +3 sling
Press: ? - help, Q - select action, (/) - cycle Shift-Dir - straight line, f/p - iguana
Aim: an iguana (lightly wounded, ally target, 63% to hit)
You shoot a sling bullet.
The sling bullet hits the iguana but does no damage.
The iguana is lightly wounded.
The iguana bites you but does no damage.
The iguana bites you!
You die...

#...# #.# #.###
#.# #.# #.# #.#
##########.# #.#
#.......##.#
#.###.#####.##.#
###.#....# #.##.#
....#.#..# #.##.#
....†.#..# #.##@#
#######..####.##l#
...............5>#
########.####.####
.....#......#.#
####.#.#.##.#.#
.....#.#..#.#.#
.....#.#..#.#.#
.....#.#....#.#


You could see an iguana (ally target) and a friendly iron imp (summoned).

Vanquished Creatures
  A howler monkey (D:4)
  2 hounds (D:4)
  An orc wizard (D:3)
  4 adders
  2 dart slugs (D:2)
  5 orcs (D:4)
  5 endoplasms
  5 giant cockroaches
  9 goblins
  8 hobgoblins
  4 jackals (D:2)
  3 kobolds
  5 quokkas
  7 ball pythons
  3 bats
  A frilled lizard (D:2)
  3 rats (D:1)
68 creatures vanquished.

Notes
Turn   | Place    | Note
-------+----------+-------------------------------------------
     0 | D:1      | jimonade the Demonspawn Hedge Wizard began the quest for
                  | the Orb.
     0 | D:1      | Reached XP level 1. HP: 13/13 MP: 4/4
   118 | D:1      | Found Bapnej's Book Emporium.
   385 | D:1      | Gained mutation: You are partially covered in rugged brown
                  | scales. (AC +1, +3% HP) [demonic ancestry]
   385 | D:1      | Reached XP level 2. HP: 13/19 MP: 4/6
  1246 | D:1      | Found a faded altar of an unknown god.
  1590 | D:2      | Gained mutation: A weak demonic guardian rushes to your
                  | aid. [demonic ancestry]
  1590 | D:2      | Reached XP level 3. HP: 12/25 MP: 4/8
  1594 | D:2      | Reached skill level 1 in Fighting
  2649 | D:2      | Reached XP level 4. HP: 8/32 MP: 9/9
  4578 | D:4      | Noticed Menkaure
  4884 | D:4      | Reached skill level 1 in Ranged Weapons
  4884 | D:4      | Reached skill level 4 in Spellcasting
  4884 | D:4      | Reached XP level 5. HP: 21/39 MP: 9/11
  5693 | D:3      | Mangled by an iguana

Illustrated notes

Levels and vault maps discovered:
D:1:      amcnicky_arrival_choice, layout_basic, serial_shops,
          nicolae_shop_behind_doors, hellmonk_ecumenical_altar_prayer_group,
          minmay_misc_feat_five
D:2:      layout_basic
D:3:      layout_basic, grunt_decor_clamped
D:4:      layout_basic, mainiacjoe_overflow_concentric_impassable, zin_purify,
          minmay_temple_entry_sparse_star, serial_shops, kennysheep_little_box,
          kennysheep_generic_room_7, uniq_pikel, uniq_natasha, uniq_menkaure

Skill      XL: |  1  2  3  4  5 |
---------------+----------------+-----
Dodging        | 2 |  2.5
Fighting       | 1 2 |  2.8
Conjurations   | 2 |  2.3
Ranged Weapons | 1 |  1.8
Spellcasting   | 4 |  4.0
Stealth        | |  1.7
Summonings     | |  1.0
Translocations | |  0.8

Action                   |  1- 3 |  4- 6 || total
-------------------------+-------+-------++-------
Melee: Dagger            |    88 |    13 ||   101
 Fire: Sling             |       |    77 ||    77
 Cast: Magic Dart        |    70 |    30 ||   100
 Stab: Sleeping          |     1 |       ||     1
Armor: Robe              |    35 |    14 ||    49
Dodge: Dodged            |    85 |    39 ||   124

Table legend: (Time is in decaauts)
 A = Elapsed time spent in this place.
 B = Non-inter-level travel time spent in this place.
 C = Inter-level travel time spent in this place.
 D = Time resting spent in this place.
 E = Time spent auto-exploring this place.
 F = Levels seen in this place.
 G = Mean time per level.
                   A        B        C        D        E       F      G
               +--------+--------+--------+--------+--------+-----+--------+
         Total |   5722 |   5262 |    460 |   1294 |   3194 |   4 | 1430.5 |
       Dungeon |   5722 |   5262 |    460 |   1294 |   3194 |   4 | 1430.5 |
               +--------+--------+--------+--------+--------+-----+--------+

Top non-repeatable levels by time:
     D:2: 1944 daAuts
     D:1: 1829 daAuts
     D:3: 1625 daAuts
     D:4: 322 daAuts
